 Dungeon Crawl Stone Soup version 0.20.0-8-g6b59dc7 (webtiles) character file.

127 Lavandula the Grave Robber (level 4, 0/36 HPs)
             Began as a Deep Dwarf Necromancer on May 31, 2017.
             Slain by a gnoll
             ... wielding a +0 whip
              (1 damage)
             ... on level 5 of the Dungeon.
             The game lasted 00:04:22 (832 turns).

Lavandula the Grave Robber (Deep Dwarf Necromancer)  Turns: 832, Time: 00:04:23

Health: 0/36       AC:  3    Str: 12    XL:     4   Next: 85%
Magic:  10/10      EV:  7    Int: 16    God:
Gold:   53         SH:  0    Dex: 16    Spells: 9/11 levels left

rFire    . . .     SeeInvis .   f - +0 dagger
rCold    . . .     Gourm    .   (no shield)
rNeg     . . .     Faith    .   a - +0 robe
rPois    .         Spirit   .   (no helmet)
rElec    .         Reflect  .   (no cloak)
rCorr    .         Harm     .   j - +0 pair of gloves
MR       .....                  (no boots)
Stlth    ++........             (no amulet)
Regen    0.0/turn               l - +3 ring of dexterity
MPRegen  0.2/turn               (no ring)

@: held, non-regenerating
A: damage resistance, heal wounds, sense surroundings 1, no regeneration
a: Heal Wounds


You were on level 5 of the Dungeon.
You were not hungry.

You visited 1 branch of the dungeon, and saw 5 of its levels.

You collected 53 gold pieces.

Inventory:

Hand Weapons
 f - a +0 dagger (weapon)
Armour
 a - a +0 robe (worn)
 j - a +0 pair of gloves (worn)
Jewellery
 l - a +3 ring of dexterity (left hand)
Scrolls
 e - 3 scrolls of identify {unknown}
 g - a scroll of recharging {unknown}
 h - 3 scrolls of teleportation {unknown}
Potions
 d - a potion of curing {unknown}
 i - a potion of agility {unknown}
 k - a potion of haste {unknown}
Books
 b - a book of Necromancy

   Spells                             Type                      Level
   a - Pain                           Necromancy                   1
   b - Animate Skeleton               Necromancy                   1
   c - Vampiric Draining              Necromancy                   3
   d - Regeneration                   Charms/Necromancy            3
   e - Animate Dead                   Necromancy                   4
   f - Control Undead                 Necromancy                   4
Comestibles
 c - 2 bread rations


   Skills:
 - Level 2.1 Dodging
 - Level 2.4 Stealth
 + Level 4.0 Spellcasting
 - Level 4.9 Necromancy


You had 9 spell levels left.
You knew the following spells:

 Your Spells              Type           Power        Failure   Level  Hunger
a - Pain                  Necr           ###.         2%          1    None
b - Animate Skeleton      Necr           N/A          2%          1    None


Dungeon Overview and Level Annotations

Branches:
Dungeon (5/15)
 Temple: D:4-7

Altars:
Nemelex Xobeh

Annotations:
D:2 exclusion: 2 worms


Innate Abilities, Weirdness & Mutations

You are resistant to damage.
You can heal yourself by infusing magical energy.
You passively map a small area around you.
You do not regenerate.


Message History

There is a stone staircase leading up here.
The gnoll throws a throwing net.
The throwing net hits you.
You become entangled in the net!
You stop ascending the stairs.
The gnoll hits you with a spear! The gnoll barely misses you.
Unknown command.
Okay, then.
You struggle against the net.
The gnoll hits you but does no damage.
You struggle against the net.
The gnoll barely misses you.
The gnoll shaman hits you but does no damage.
The gnoll hits you with a spear.
You struggle against the net.
The gnoll hits you from afar with a halberd!
* * * LOW HITPOINT WARNING * * *
The gnoll hits you with a whip.
* * * LOW HITPOINT WARNING * * *
The gnoll hits you with a spear.
You fail to use your ability.
The gnoll shaman hits you but does no damage.
The gnoll barely misses you. The gnoll hits you with a whip.
You die...

#.. , #..
.. * *
#####.# *
#.....#
#.....#
#.....#
#.g@<.#*
#.gg.......
,
#g....#####
#..(..#
#.....#
####### * ,
,


You could see a gnoll shaman and 3 gnolls.

Vanquished Creatures
  A scorpion (D:4)
  A hound (D:4)
  A worker ant (D:4)
  An adder (D:4)
  4 giant cockroaches
  2 goblins (D:2)
  A hobgoblin (D:2)
  A quokka (D:4)
  8 rats
20 creatures vanquished.

Notes
Turn   | Place    | Note
-------+----------+-------------------------------------------
     0 | D:1      | Lavandula the Deep Dwarf Necromancer began the quest for the Orb.
     0 | D:1      | Reached XP level 1. HP: 15/15 MP: 3/3
    77 | D:1      | Learned a level 1 spell: Animate Skeleton
   274 | D:2      | Reached XP level 2. HP: 22/22 MP: 1/4
   494 | D:4      | Found a sparkling altar of Nemelex Xobeh.
   501 | D:4      | Reached XP level 3. HP: 28/28 MP: 0/7
   625 | D:4      | Noticed a scorpion
   668 | D:4      | Killed a scorpion
   668 | D:4      | Reached XP level 4. HP: 27/36 MP: 0/9
   827 | D:5      | Entered Level 5 of the Dungeon
   831 | D:5      | HP: 1/36 [gnoll/whip (4)]
   832 | D:5      | Slain by a gnoll

Skill      XL: |  1  2  3  4 |
---------------+-------------+-----
Spellcasting   | 2 3 4 |  4.0
Dodging        | |  2.1
Stealth        | |  2.4
Necromancy     | |  4.9

Action                   |  1- 3 |  4- 6 || total
-------------------------+-------+-------++-------
 Cast: Pain              |    38 |     7 ||    45
       Animate Skeleton  |     2 |       ||     2
Armor: Robe              |       |     3 ||     3
Dodge: Dodged            |     3 |     7 ||    10
